 Dungeon Crawl Stone Soup version 0.28-a0-1143-gcf6077d4cc (webtiles) character file.

Game seed: 13397585125079809555

3882 septik the Severer (level 10, -6/86 HPs)
             Began as a Minotaur Berserker on Dec 14, 2021.
             Was a Priest of Trog.
             Shot with a sling bullet by Joseph (8 damage)
             ... on level 8 of the Dungeon.
             The game lasted 00:13:10 (9235 turns).

septik the Severer (Minotaur Berserker)             Turns: 9235, Time: 00:13:11

Health: -6/86      AC: 10    Str: 27    XL:     10   Next: 0%
Magic:  9/9        EV:  9    Int:  4    God:    Trog [***...]
Gold:   304        SH:  0    Dex:  9    Spells: 9/9 levels left

rFire   . . .      SeeInvis .   a - +0 war axe (freeze)
rCold   . . .      Faith    +   (no shield)
rNeg    . . .      Spirit   .   G - +1 chain mail {rPois}
rPois   +          Reflect  .   (helmet restricted)
rElec   .          Harm     .   (no cloak)
rCorr   .          Rampage  .   (no gloves)
Will    ++...                   j - +0 pair of boots
Stlth   ..........              e - amulet of faith
HPRegen 1.24/turn               (no ring)
MPRegen 0.11/turn               (no ring)

@: strong-willed, mesmerised, regenerating
A: horns 2, retaliatory headbutt
a: Renounce Religion, Berserk, Trog's Hand


You were on level 8 of the Dungeon.
You worshipped Trog.
Trog was most pleased with you.
You visited 1 branch of the dungeon, and saw 8 of its levels.
You also visited: Sewer.

You collected 304 gold pieces.

Inventory:

Hand Weapons
 a - a +0 war axe of freezing (weapon)
 K - a +0 broad axe
 L - a +0 whip of flaming
Missiles
 f - 242 stones (quivered)
 l - 7 poisoned darts
 E - 2 curare-tipped darts
 F - 3 boomerangs
Armour
 j - a +0 pair of boots (worn)
 w - a +0 chain mail
 D - a +0 plate armour
 G - a +1 chain mail of poison resistance (worn)
Jewellery
 e - an amulet of faith (around neck)
 I - a ring of poison resistance
 J - the ring "Qieleram" {rPois rF- rC+ rN+ Will+}
   (You found it on level 6 of the Dungeon)

   [ring of protection from cold]

   rF:        It makes you vulnerable to fire.
   rC:        It protects you from cold.
   rPois:     It protects you from poison.
   rN:        It protects you from negative energy.
   Will:      It increases your willpower.
Wands
 i - a wand of iceblast (6)
 k - a wand of flame (26)
 v - a wand of digging (2)
Scrolls
 b - a scroll of noise {unknown}
 q - 3 scrolls of teleportation {unknown}
 r - a scroll of fog {unknown}
 s - 2 scrolls of immolation {unknown}
 t - 4 scrolls of identify
 x - a scroll of blinking {unknown}
 y - a scroll of magic mapping
 A - a scroll of fear {unknown}
 B - 3 scrolls of torment {unknown}
 C - 2 scrolls of enchant weapon {unknown}
Potions
 c - 4 potions of might
 d - 5 potions of mutation
 g - a potion of berserk rage {unknown}
 h - 2 potions of curing
 m - 3 potions of attraction
 n - a potion of resistance {unknown}
 o - 4 potions of brilliance
 p - 2 potions of invisibility {unknown}
 u - 2 potions of heal wounds {unknown}
 z - a potion of lignification {unknown}
 H - a potion of haste {unknown}
 M - a potion of degeneration {unknown}


   Skills:
 + Level 7.3 Fighting
 - Level 16.0 Axes
 - Level 2.4 Armour
 - Level 2.1 Dodging


You had 9 spell levels left.
You didn't know any spells.
Your spell library was empty.

Dungeon Overview and Level Annotations

Branches:
Dungeon (8/15)             Temple (0/1) D:5           Sewer (visited)
   Lair: D:8-11

Altars:
Cheibriados
Dithmenos
Fedhas
Kikubaaqudgha
Okawaru
Uskayaw
Vehumet
Yredelemnul
Zin

Annotations:
D:8 2 transporters, Joseph; Maggie; yoda5477's ghost, novice DsFi


Innate Abilities, Weirdness & Mutations

You have a pair of horns on your head.
You reflexively headbutt those who attack you in melee.


Message History

The wyvern bites you but does no damage.
Maggie barely misses you.
You closely miss Maggie. Your headbutt misses Maggie.
You closely miss the wyvern.
Joseph shoots a sling bullet.
The sling bullet hits you! The wyvern bites you.
You are too mesmerised to rage.
Unknown command.
You are too mesmerised to rage.
You fail to use your ability.
Maggie casts a spell.
Maggie draws you further into her thrall.
The wyvern bites you!
Joseph shoots a sling bullet.
The sling bullet barely misses you.
The sling bullet barely misses the wyvern.
Your ogre goes berserk!
You can no longer call in reinforcements.
The wyvern bites you! Maggie hits you but does no damage.
Joseph shoots a sling bullet.
The sling bullet barely misses you.
The sling bullet hits the wyvern!!
The wyvern dies!
The two-headed ogre hits you with a +0 giant spiked club!
* * * LOW HITPOINT WARNING * * *
The two-headed ogre hits you with a +0 giant club!
* * * LOW HITPOINT WARNING * * *
You have reached level 10!
It was a potion of curing.
You feel better.
Maggie hits you with a +1 war axe of flaming.
* * * LOW HITPOINT WARNING * * *
Maggie burns you.
* * * LOW HITPOINT WARNING * * *
Joseph shoots a sling bullet.
The sling bullet hits you!
* * * LOW HITPOINT WARNING * * *
Your ogre barely misses the two-headed ogre.
You feel better. Maggie closely misses you. You furiously retaliate!
You headbutt Maggie! The two-headed ogre closely misses you.
The two-headed ogre hits you with a +0 giant club!
* * * LOW HITPOINT WARNING * * *
Your ogre barely misses the two-headed ogre.
Joseph shoots a sling bullet.
The sling bullet hits you!
You die...

........#....# #####
.........#..##...# ###
.................#####..
#.............#........
##.!...........#######..
#@.............# #..
............##.# ##.
#..@OO.....## ..
.##...@.......#.. ...
........†.......... ....
............##.##...
.##.........# ## ..
#...........# .
#...........#
###.=....>....
#....#.......
..####.......


You could see Joseph, Maggie (mesmerising, ally target), a two-headed ogre and a
friendly ogre (summoned, berserk).

Vanquished Creatures
  The ghost of whitenoisemaker the Cleaver, a novice HuFi of Yredelemnul (D:5)
  Sigmund (D:5)
  A wraith (D:7)
  Menkaure (D:5)
  Edmund (D:6)
  A hornet zombie (D:6)
  An ice beast (D:5)
  An orc warrior (D:6)
  2 black bears (D:5)
  4 ogres
  A necrophage (D:6)
  The ghost of qborf the Chopper, an amateur MiGl of Okawaru (D:5)
  3 phantoms
  2 centaurs
  3 kobold brigands
  2 scorpions
  A gnoll sergeant (D:6)
  A water moccasin zombie (D:5)
  A bullfrog zombie (D:5)
  A centaur zombie (D:7)
  3 jellies
  3 hounds
  An orc priest (D:4)
  A gnoll shaman (D:7)
  3 orc wizards
  Terence (D:2)
  3 bullfrog skeletons
  7 iguanas
  A hound zombie (D:5)
  2 howler monkey zombies (D:6)
  12 gnolls
  13 adders
  3 shadow imps
  An adder skeleton (D:5)
  A worm (D:5)
  A dart slug (D:1)
  16 orcs
  3 endoplasms
  5 giant cockroaches
  6 hobgoblins
  15 jackals
  25 kobolds
  6 quokkas
  13 ball pythons
  3 bats
  6 frilled lizards
  9 goblins
  6 rats
199 creatures vanquished.

Vanquished Creatures (others)
  A wyvern (D:8)
  6 plants (Sewer)
7 creatures vanquished.

Grand Total: 206 creatures vanquished

Notes
Turn   | Place    | Note
-------+----------+-------------------------------------------
     0 | D:1      | septik the Minotaur Berserker began the quest for the Orb.
     0 | D:1      | Reached XP level 1. HP: 19/19 MP: 0/0
   157 | D:1      | Reached skill level 4 in Axes
   260 | D:1      | Reached XP level 2. HP: 17/26 MP: 1/1
   694 | D:1      | Found a faded altar of an unknown god.
   890 | D:1      | Reached skill level 5 in Axes
  1149 | D:2      | Reached XP level 3. HP: 31/31 MP: 2/2
  1161 | D:2      | Reached ** piety under Trog
  1674 | D:2      | Noticed Terence
  1685 | D:2      | Killed Terence
  1686 | D:2      | Reached skill level 6 in Axes
  1686 | D:2      | Reached XP level 4. HP: 39/39 MP: 3/3
  2315 | D:3      | Found a glowing drain.
  2340 | Sewer    | Entered a sewer
  3181 | Sewer    | Reached XP level 5. HP: 45/45 MP: 4/4
  3463 | D:3      | Reached skill level 7 in Axes
  4369 | D:4      | Found an iron altar of Okawaru.
  4579 | D:4      | Reached skill level 8 in Axes
  4646 | D:4      | Found a blossoming altar of Fedhas.
  4646 | D:4      | Found a glowing silver altar of Zin.
  4929 | D:4      | Reached XP level 6. HP: 51/51 MP: 5/5
  4964 | D:4      | Reached *** piety under Trog
  5014 | D:4      | Found a shadowy altar of Dithmenos.
  5337 | D:5      | Entered Level 5 of the Dungeon
  5343 | D:5      | Reached skill level 9 in Axes
  5419 | D:5      | Found a staircase to the Ecumenical Temple.
  5433 | D:5      | Reached XP level 7. HP: 14/57 MP: 6/6
  5610 | D:5      | Reached skill level 10 in Axes
  5778 | D:5      | Noticed Sigmund
  5785 | D:5      | Killed Sigmund
  5786 | D:5      | Reached skill level 11 in Axes
  5804 | D:5      | Noticed Menkaure
  5826 | D:5      | Killed Menkaure
  5827 | D:5      | Reached XP level 8. HP: 44/64 MP: 7/7
  5972 | D:5      | Reached skill level 12 in Axes
  6033 | D:5      | Found a runed translucent gate.
  6038 | D:5      | Found a runed translucent gate.
  6038 | D:5      | Found a runed translucent gate.
  6043 | D:5      | Noticed qborf's ghost (amateur MiGl)
  6043 | D:5      | Noticed whitenoisemaker's ghost (novice HuFi)
  6233 | D:5      | Reached skill level 13 in Axes
  6346 | D:5      | Found a hide-covered altar of Uskayaw.
  6359 | D:5      | Found a snail-covered altar of Cheibriados.
  6363 | D:5      | Found an ancient bone altar of Kikubaaqudgha.
  6617 | D:5      | Killed qborf's ghost
  6618 | D:5      | Killed whitenoisemaker's ghost
  6619 | D:5      | Reached skill level 14 in Axes
  6619 | D:5      | Reached XP level 9. HP: 70/70 MP: 8/8
  6664 | D:6      | Noticed Edmund
  6669 | D:6      | Killed Edmund
  7145 | D:6      | Reached skill level 15 in Axes
  7359 | D:6      | Identified the ring "Qieleram" {rPois rF- rC+ rN+ Will+}
  7423 | D:6      | Reached **** piety under Trog
  8029 | D:6      | Reached skill level 16 in Axes
  8375 | D:7      | Reached skill level 5 in Fighting
  8497 | D:7      | Found a radiant altar of Vehumet.
  8635 | D:7      | Found a basalt altar of Yredelemnul.
  9013 | D:8      | Noticed an orc knight
  9053 | D:8      | Identified the +8 trident of Ziox {venom, Contam rPois rC+}
  9099 | D:8      | Noticed a cyclops
  9099 | D:8      | Noticed yoda5477's ghost (novice DsFi)
  9133 | D:8      | Found a transporter.
  9136 | D:8      | Found a transporter.
  9225 | D:8      | Noticed Maggie
  9227 | D:8      | Noticed a two-headed ogre
  9229 | D:8      | Noticed Joseph
  9234 | D:8      | Reached XP level 10. HP: 5/86 MP: 9/9
  9234 | D:8      | HP: 3/86 [Joseph/sling bullet (11)]
  9235 | D:8      | Shot with a sling bullet by Joseph

Illustrated notes

Levels and vault maps discovered:
D:1:      saegor_arrival_simple_b, layout_loops_cross, basic_ecumenical_altar
D:2:      layout_basic, solitary_fountain, uniq_terence
D:3:      layout_basic, portal_sewer_entry_f
D:4:      layout_loops_ring, lemuel_round_altar, mainiacjoe_overflow_alcove_4,
          gammafunk_temple_overflow_wave, minmay_snake_closets
D:5:      layout_cave_pools, minitemple, minmay_temple_entry_steel_oval,
          gammafunk_ghost_cemetery, minmay_starry_boxes, uniq_menkaure,
          uniq_sigmund
D:6:      layout_basic, grunt_ministairs_8, uniq_edmund
D:7:      lemuel_ice_spiral_2, layout_rooms, mainiacjoe_overflow_cross_hatched,
          yredelemnul_altar_generic
D:8:      layout_cave_pools, gammafunk_ghost_arena, uniq_maggie, uniq_joseph

Skill      XL: |  1  2  3  4  5  6  7  8  9 |
---------------+----------------------------+-----
Axes           | 4 5 6 8 9 11 14 16 | 16.0
Fighting       | 7 |  7.3
Armour         | |  2.4
Dodging        | |  2.1

Action                   |  1- 3 |  4- 6 |  7- 9 | 10-12 || total
-------------------------+-------+-------+-------+-------++-------
Melee: Hand axe          |    75 |     3 |       |       ||    78
       Headbutt          |    11 |    15 |    34 |       ||    60
       Falchion          |       |    69 |       |       ||    69
       War axe           |       |    77 |   192 |       ||   269
Invok: Berserk           |     3 |     6 |    13 |       ||    22
       Trog's Hand       |       |       |     4 |       ||     4
       Brothers in Arms  |       |       |     1 |       ||     1
  Use: Scroll            |       |     3 |     4 |       ||     7
       Potion            |       |       |       |     2 ||     2
 Stab: Sleeping          |       |     1 |       |       ||     1
Armor: Animal skin       |    10 |    23 |       |       ||    33
       Chain mail        |       |    27 |    28 |       ||    55
       Plate armour      |       |       |    47 |       ||    47
Dodge: Dodged            |    45 |   103 |    68 |     2 ||   218

Table legend: (Time is in decaauts)
 A = Elapsed time spent in this place.
 B = Non-inter-level travel time spent in this place.
 C = Inter-level travel time spent in this place.
 D = Time resting spent in this place.
 E = Time spent auto-exploring this place.
 F = Levels seen in this place.
 G = Mean time per level.
                   A        B        C        D        E       F      G
               +--------+--------+--------+--------+--------+-----+--------+
         Total |   9618 |   9355 |    263 |   1718 |   6329 |   9 | 1068.7 |
       Dungeon |   8325 |   8062 |    263 |   1336 |   5563 |   8 | 1040.6 |
         Sewer |   1292 |   1292 |      0 |    382 |    766 |   1 | 1292.0 |
               +--------+--------+--------+--------+--------+-----+--------+

Top non-repeatable levels by time:
     D:5: 1531 daAuts
     D:6: 1433 daAuts
   Sewer: 1292 daAuts
     D:1: 1255 daAuts
     D:4: 1252 daAuts
     D:2: 1056 daAuts
     D:3: 886 daAuts
     D:7: 647 daAuts
     D:8: 262 daAuts
